 Dungeon Crawl Stone Soup version 0.21.0 (webtiles) character file.

1885 mortelune the Cudgeler (level 9, -7/84 HPs)
             Began as a Gargoyle Fighter on Jan 5, 2018.
             Was an Initiate of Okawaru.
             Killed by divine providence
             ... invoked by an orc priest
              (14 damage)
             ... on level 6 of the Dungeon.
             The game lasted 00:13:08 (5517 turns).

mortelune the Cudgeler (Gargoyle Fighter)           Turns: 5517, Time: 00:13:09

Health: -7/84      AC: 24    Str: 28    XL:     9   Next: 14%
Magic:  9/9        EV:  2    Int:  9    God:    Okawaru [......]
Gold:   270        SH: 13    Dex: 10    Spells: 6/8 levels left

rFire    . . .     SeeInvis .   a - +0 flail
rCold    . . .     Gourm    .   t - +2 shield "Ogais" {Regen+ Str+6}
rNeg     + + +     Faith    .   (armour currently unavailable)
rPois    ∞         Spirit   .   (helmet currently unavailable)
rElec    .         Reflect  .   (cloak currently unavailable)
rCorr    .         Harm     .   (gloves currently unavailable)
MR       .....     NoTele   +   (boots currently unavailable)
Stlth    +.........             (no amulet)
HPRegen  0.64/turn              (no ring)
MPRegen  0.11/turn              (no ring)

@: tree-form
A: negative energy resistance 1, petrification resistance, rot immunity, AC +6
a: Renounce Religion


You were on level 6 of the Dungeon.
You worshipped Okawaru.
Okawaru was noncommittal.
You were not hungry.
You were a tree.
You visited 2 branches of the dungeon, and saw 7 of its levels.

You collected 270 gold pieces.

Inventory:

Hand Weapons
 a - a +0 flail (weapon)
Armour
 b - a +0 scale mail (melded)
 c - a +0 shield
 g - a +0 pair of gloves (melded)
 p - a +0 helmet (melded)
 t - the +2 shield "Ogais" (worn) {Regen+ Str+6}
   (You found it on level 4 of the Dungeon)

   It affects your strength (+6).
   It increases your rate of regeneration.
 w - a +0 pair of boots (melded)
Jewellery
 E - an uncursed ring of poison resistance {unknown}
Wands
 q - a wand of acid (5)
Scrolls
 i - a scroll of amnesia {unknown}
 j - 5 scrolls of teleportation {unknown}
 l - a scroll of remove curse {unknown}
 n - 2 scrolls of random uselessness {unknown}
 o - a scroll of fear {unknown}
 s - 4 scrolls of identify {unknown}
 u - a scroll of magic mapping {unknown}
 y - 2 scrolls of fog {unknown}
Potions
 d - 2 potions of might
 e - 3 potions of lignification
 h - 2 potions of curing {unknown}
 k - a potion of cancellation {unknown}
 m - a potion of berserk rage {unknown}
 r - a potion of degeneration {unknown}
 v - a potion of mutation {unknown}
 x - 2 potions of ambrosia {unknown}
 z - a potion of agility {unknown}
 A - a potion of flight {unknown}
 B - 2 potions of haste {unknown}
 F - a potion of heal wounds {unknown}
Books
 C - a book of Cantrips

   Spells                             Type                      Level
   a - Confusing Touch                Hexes                        1
   b - Animate Skeleton               Necromancy                   1
   c - Summon Small Mammal            Summoning                    1
   d - Apportation                    Translocation                1
 D - a book of Minor Magic

   Spells                             Type                      Level
   a - Magic Dart                     Conjuration                  1
   b - Blink                          Translocation                2
   c - Call Imp                       Summoning                    2
   d - Slow                           Hexes                        2
   e - Conjure Flame                  Conjuration/Fire             3
   f - Mephitic Cloud                 Conjuration/Poison/Air       3
Comestibles
 f - 13 rations
 G - 4 chunks of flesh


   Skills:
 + Level 6.7 Fighting
 * Level 7.8 Maces & Flails
 + Level 6.7 Armour
 + Level 5.8 Shields


You had 6 spell levels left.
You knew the following spells:

 Your Spells              Type           Power        Failure   Level  Hunger
a - Blink                 Tloc           N/A          89%         2    ###....


Dungeon Overview and Level Annotations

Branches:
Dungeon (6/15)             Temple (1/1) D:6

Altars:
Fedhas
Hepliaklqana
Kikubaaqudgha
Makhleb
Nemelex Xobeh
Okawaru
Wu Jian
Xom
Yredelemnul
Zin
The Shining One

Shops:
D:6 ([:

Annotations:
D:5 1 runed door


Innate Abilities, Weirdness & Mutations

You are resistant to torment.
((Your stone body is resilient. (AC +6)))
You are immune to poison.
You resist negative energy. (rN+)
((You are resistant to electric shocks. (rElec)))
((You can survive without breathing.))
You are immune to petrification.
You are immune to rotting.


Message History

The orc priest calls down the wrath of Beogh upon you.
Beogh smites you!
An orc comes into view.
You thump the orc priest!
The orc priest is almost dead.
You block the orc priest's attack.
The orc moves out of view.
You hit the orc priest but do no damage.
The orc priest is almost dead.
The orc priest calls down the wrath of Beogh upon you.
Beogh smites you!
* * * LOW HITPOINT WARNING * * *
It was a potion of lignification.
You turn into a tree.
Your +0 helmet melds into your body.
Your +0 pair of gloves melds into your body.
Your +0 pair of boots melds into your body.
Your +0 scale mail melds into your body.
Your roots penetrate the ground.
The orc priest mumbles some strange prayers to Beogh against you.
Beogh smites you!
You die...

.......#.....# .......#.....#
.......##....#
.......##....######
.......#.....#....#
..##(..##.........##########
..##+####........##...##...#
.......#.........#.........#
.......#........♣#.........#
.......#........ohoh.......#
.......##>.......#######...#
.......##...#######...##...#
............##...##....#..J.o
............(.....#....#......h
............>.....#....#.......h
.....(..(...(((...'....#...##...
+###...##.........#....#...# ...


You could see 2 orc priests and 2 jackals.

Vanquished Creatures
  Grinder (D:5)
  Eustachio (D:6)
  Duvessa (D:5)
  A water moccasin (D:5)
  A sky beast (D:5)
  An ogre (D:5)
  5 centaurs
  2 bullfrogs (D:6)
  Dowan (D:5)
  4 scorpions
  A howler monkey (D:5)
  3 hounds
  A bullfrog skeleton (D:4)
  An iguana (D:5)
  4 worker ants
  4 adders
  An adder zombie (D:4)
  2 oozes (D:3)
  2 worms (D:3)
  A dart slug (D:2)
  3 leopard geckos
  An orc (D:4)
  8 bats
  A giant cockroach (D:5)
  5 goblins
  7 hobgoblins
  3 jackals (D:1)
  A quokka (D:5)
  2 ball pythons (D:2)
  A ball python skeleton (D:4)
  4 frilled lizards
  A jackal zombie (D:5)
  5 kobolds
  3 quokka skeletons
  8 rats
91 creatures vanquished.

Notes
Turn   | Place    | Note
-------+----------+-------------------------------------------
     0 | D:1      | mortelune the Gargoyle Fighter began the quest for the Orb.
     0 | D:1      | Reached XP level 1. HP: 14/14 MP: 1/1
   254 | D:1      | Reached XP level 2. HP: 19/19 MP: 2/2
  1131 | D:2      | Reached XP level 3. HP: 21/23 MP: 3/3
  1187 | D:2      | Reached skill level 3 in Maces & Flails
  1360 | D:2      | Found a faded altar of an unknown god.
  1857 | D:2      | Reached XP level 4. HP: 20/29 MP: 4/4
  2233 | D:3      | Noticed a centaur
  2249 | D:3      | Killed a centaur
  2249 | D:3      | Reached skill level 4 in Maces & Flails
  2249 | D:3      | Reached XP level 5. HP: 19/33 MP: 5/5
  3135 | D:4      | Found a basalt altar of Yredelemnul.
  3284 | D:4      | Reached XP level 6. HP: 39/39 MP: 6/6
  3900 | D:4      | Got a crude shield
  3911 | D:4      | Identified the +2 shield "Ogais" {Regen+ Str+6} (You found it on level 4 of the Dungeon)
  3962 | D:5      | Entered Level 5 of the Dungeon
  3976 | D:5      | Reached skill level 5 in Maces & Flails
  4019 | D:5      | Noticed a sky beast
  4043 | D:5      | Killed a sky beast
  4043 | D:5      | Reached skill level 5 in Armour
  4043 | D:5      | Reached XP level 7. HP: 38/44 MP: 7/7
  4103 | D:5      | Reached skill level 5 in Fighting
  4207 | D:5      | Noticed Grinder
  4222 | D:5      | Paralysed by Grinder for 2 turns
  4229 | D:5      | Paralysed by Grinder for 6 turns
  4251 | D:5      | Killed Grinder
  4251 | D:5      | Reached skill level 6 in Maces & Flails
  4404 | D:5      | Reached XP level 8. HP: 50/50 MP: 8/8
  4476 | D:5      | Learned a level 2 spell: Blink
  4599 | D:5      | Noticed Duvessa
  4609 | D:5      | Noticed Dowan
  4619 | D:5      | Killed Duvessa
  4626 | D:5      | Killed Dowan
  4666 | D:5      | Reached skill level 5 in Shields
  4771 | D:5      | Reached skill level 7 in Maces & Flails
  4804 | D:5      | Found a runed door.
  5046 | D:6      | Found Bocin's Weapon Boutique.
  5180 | D:6      | Found a staircase to the Ecumenical Temple.
  5182 | D:6      | Found Ocvyamnu's Armour Shop.
  5192 | D:6      | Reached XP level 9. HP: 56/56 MP: 9/9
  5194 | D:6      | Found Riuhorum's Book Emporium.
  5206 | Temple   | Entered the Ecumenical Temple
  5237 | Temple   | Became a worshipper of Warmaster Okawaru
  5272 | D:6      | Noticed Eustachio
  5299 | D:6      | Killed Eustachio
  5517 | D:6      | Killed from afar by an orc priest

Skill      XL: |  1  2  3  4  5  6  7  8 |
---------------+-------------------------+-----
Maces & Flails | 3 4 5 6 7 |  7.8
Armour         | 4 5 6 |  6.7
Fighting       | 4 5 6 |  6.7
Shields        | 4 5 |  5.8

Action                   |  1- 3 |  4- 6 |  7- 9 || total
-------------------------+-------+-------+-------++-------
Melee: Flail             |   160 |   157 |   158 ||   475
  Use: Potion            |       |       |     1 ||     1
  Eat: Chunk             |     3 |     6 |     6 ||    15
Armor: Scale mail        |   122 |   121 |    72 ||   315
Dodge: Dodged            |    74 |    58 |    44 ||   176
Block: Shield            |   114 |   120 |   100 ||   334
